 Dungeon Crawl Stone Soup version 0.31-a0-618-g7ca08c1ff9 (webtiles) character file.

Game seed: 7686820375255487615

175 pascalblue the Grave Robber (level 5, -2/28 HPs)
             Began as a Deep Elf Necromancer on Aug 22, 2023.
             Slain by a bullfrog (6 damage)
             ... in a sewer.
             The game lasted 00:09:27 (2813 turns).

pascalblue the Grave Robber (Deep Elf Necromancer)  Turns: 2813, Time: 00:09:28

Health: -2/28      AC:  2    Str:  5    XL:     5   Next: 29%
Magic:  13/14      EV: 12    Int: 22    God:
Gold:   72         SH:  0    Dex: 15    Spells: 9/13 levels left

rFire   . . .        c - +3 dagger (venom)
rCold   . . .        (no shield)
rNeg    . . .        a - +0 robe
rPois   .            (no helmet)
rElec   .            (no cloak)
rCorr   .            (no gloves)
SInv    .            (no boots)
Will    .....        (no amulet)
Stlth   ++           e - ring of flight
HPRegen 0.24/turn    (no ring)
MPRegen 0.14/turn

%: no passive effects
@: flying
A: no striking features
a: no special abilities


You were in a sewer.
You visited 1 branch of the dungeon, and saw 3 of its levels.
You also visited: Sewer.

You collected 72 gold pieces.

Inventory:

Hand Weapons
 c - a +3 dagger of venom (weapon)
Armour
 a - a +0 robe (worn)
Jewellery
 e - a ring of flight (left hand)
 m - a +6 ring of strength
Scrolls
 h - a scroll of fog
 j - a scroll of amnesia {unknown}
Potions
 b - a potion of magic
 d - a potion of heal wounds
 f - 2 potions of brilliance {unknown}
 g - a potion of enlightenment {unknown}
 i - a potion of attraction {unknown}
 k - 2 potions of curing {unknown}
 l - a potion of haste {unknown}


   Skills:
 - Level 2.4 Dodging
 - Level 2.4 Stealth
 + Level 4.9 Spellcasting
 * Level 7.1 Necromancy


You had 9 spell levels left.
You knew the following spells:

 Your Spells              Type           Power      Damage    Failure   Level
a - Necrotise             Necr           100%       1d9       1%          1
b - Vampiric Draining     Necr           36%        2d8       1%          3

Your spell library contained the following spells:

 Spells                   Type           Power      Damage    Failure   Level
 Animate Dead             Necr           36%        N/A       5%          4
 Apportation              Tloc           10%        N/A       11%         1
 Summon Small Mammal      Summ           20%        N/A       11%         1
 Agony                    Necr           36%        N/A       16%         5


Dungeon Overview and Level Annotations

Branches:
Dungeon (3/15)              Sewer (1/1)

Altars:
Fedhas

Shops:
D:2 (*


Message History

The dead are walking!
Your rat skeleton crumbles into dust!
You swap places.
Your ball python skeleton crumbles into dust!
Your rat skeleton crumbles into dust! 2 ball pythons come into view.
The ball python hisses angrily.
You hear an angry hiss.
An adder comes into view. x2
The ball python hisses angrily.
An endoplasm, a bullfrog and 2 ball pythons come into view.
The ball python hisses angrily.
The adder hisses angrily.
The bullfrog croaks.
You hear an angry hiss. x2
A bullfrog comes into view.
A frilled lizard comes into view.
The ball python moves out of view. x2
An adder comes into view.
The bullfrog gives a loud, deep croak!
The ball python closely misses you. The ball python grabs you.
The ball python constricts you.
You escape the ball python's grasp.
The adder hisses angrily.
The adder bites you. The ball python closely misses you.
The ball python grabs you. The ball python constricts you.
The ball python bites you.
Casting: Necrotise (safe; 1% risk of failure)
Confirm with . or Enter, or press ? or * to list all spells.
Aiming: Necrotise (safe; 1% risk of failure)
Press: ? - help, Shift-Dir - straight line, f - ball python
Aim: a ball python (chance to affect: 93%)
The ball python writhes in agony.
You kill the ball python!
The dead are slithering!
The ball python loses its grip on you. The adder bites you.
The bullfrog hits you. The adder barely misses you.
The bullfrog releases a deep croak.
The bullfrog hits you. The bullfrog hits you!
* * * LOW HITPOINT WARNING * * *
Your ball python skeleton misses the bullfrog.
Your ball python skeleton barely misses the bullfrog.
The bullfrog hits you.
You die...

...# ...##
....####################+#
.....#≈≈≈≈≈≈≈≈≈≈≈≈≈≈~#...#
#.....~≈≈≈~≈≈≈≈≈~~≈≈~.....
#.....~~~~≈≈~≈≈≈~~~S≈.....
#.....~≈≈~~~#~≈#~Z≈~Jl....
##....≈≈≈≈≈≈~..~≈FS≈~SS...
###.#~≈≈≈≈≈≈~~≈@FS≈S#
###################


You could see 2 bullfrogs, 3 adders, an endoplasm, 3 ball pythons, a frilled
lizard and a friendly ball python skeleton.

Vanquished Creatures
  4 adders
  5 river rats
  2 worms (D:3)
  3 dart slugs (D:1)
  14 ball pythons
  3 endoplasms
  A giant cockroach (D:2)
  8 goblins
  4 hobgoblins
  A quokka (D:3)
  6 bats
  A frilled lizard (Sewer)
  5 kobolds
  25 rats
82 creatures vanquished.

Vanquished Creatures (collateral kills)
  A hobgoblin (D:3)
  2 ball pythons (Sewer)
  5 rats
8 creatures vanquished.

Grand Total: 90 creatures vanquished

Notes
Turn   | Place    | Note
-------+----------+-------------------------------------------
     0 | D:1      | pascalblue the Deep Elf Necromancer began the quest for the
                  | Orb.
     0 | D:1      | Reached XP level 1. HP: 10/10 MP: 6/6
   150 | D:1      | You fall into a shaft and drop 1 floor!
   178 | D:2      | Reached skill level 5 in Necromancy
   269 | D:1      | Reached XP level 2. HP: 15/15 MP: 6/8
  1005 | D:1      | Reached XP level 3. HP: 19/19 MP: 7/10
  1088 | D:1      | Learned a level 3 spell: Vampiric Draining
  1467 | D:2      | Reached skill level 6 in Necromancy
  1504 | D:2      | Found Podacuysm's Weapon Boutique.
  1792 | D:2      | Found Qaosch's Assorted Antiques.
  1799 | D:2      | Reached XP level 4. HP: 21/24 MP: 10/12
  2026 | D:3      | Found a blossoming altar of Fedhas.
  2199 | D:3      | Found a glowing drain.
  2235 | Sewer    | Entered a sewer
  2558 | Sewer    | Reached XP level 5. HP: 28/28 MP: 10/14
  2633 | Sewer    | Reached skill level 7 in Necromancy
  2813 | Sewer    | Slain by a bullfrog

Illustrated notes

Levels and vault maps discovered:
D:1:      co_arrival_square_in_a_square_in_a_square, layout_basic,
          kennysheep_another_room, amcnicky_mini_rare_corridor_liquid
D:2:      layout_basic, serial_shops, shop, shop
D:3:      layout_basic, nicolae_overflow_crystal_walls,
          cheibrodos_sewer_entry_sluice
Sewer:    sewer_minmay_w

Skill      XL: |  1  2  3  4  5 |
---------------+----------------+-----
Necromancy     | 5 6 7 |  7.1
Spellcasting   | 4 |  4.9
Dodging        | |  2.4
Stealth        | |  2.4

Action                     |  1- 3 |  4- 6 || total
---------------------------+-------+-------++-------
  Melee: Dagger            |       |     2 ||     2
   Cast: Necrotise         |    58 |    70 ||   128
         Vampiric Draining |     1 |     5 ||     6
    Use: Scroll            |       |     3 ||     3
         Potion            |       |     1 ||     1
   Stab: Distracted        |       |     1 ||     1
 Armour: Robe              |     6 |     2 ||     8
  Dodge: Dodged            |    19 |    32 ||    51

Table legend: (Time is in decaauts)
 A = Elapsed time spent in this place.
 B = Non-inter-level travel time spent in this place.
 C = Inter-level travel time spent in this place.
 D = Time resting spent in this place.
 E = Time spent auto-exploring this place.
 F = Levels seen in this place.
 G = Mean time per level.
                   A        B        C        D        E       F      G
               +--------+--------+--------+--------+--------+-----+--------+
         Total |   2811 |   2769 |     42 |     71 |   2221 |   4 |  702.8 |
       Dungeon |   2233 |   2191 |     42 |      8 |   1821 |   3 |  744.3 |
         Sewer |    577 |    577 |      0 |     63 |    400 |   1 |  577.0 |
               +--------+--------+--------+--------+--------+-----+--------+

Top non-repeatable levels by time:
     D:1: 1075 daAuts
     D:2: 851 daAuts
   Sewer: 577 daAuts
     D:3: 306 daAuts
